 Dungeon Crawl Stone Soup version 0.27-a0-1188-g73eefd5def (webtiles) character file.

Game seed: 1070892483993356305

821 chippings the Skirmisher (level 7, -3/56 HPs)
             Began as a Mummy Delver on May 20, 2021.
             Slain by Duvessa
             ... wielding a +0 rapier
              (5 damage)
             ... on level 5 of the Dungeon.
             The game lasted 00:08:29 (5383 turns).

chippings the Skirmisher (Mummy Delver)             Turns: 5383, Time: 00:08:30

Health: -3/56      AC:  6    Str: 15    XL:     7   Next: 63%
Magic:  7/7        EV: 11    Int: 15    God:
Gold:   160        SH:  5    Dex: 15    Spells: 6/6 levels left

rFire    + . .     SeeInvis .   b - +8 dagger of Inconvenience {drain, Will+ Int+5}
rCold    . . .     Faith    .   (no shield)
rNeg     + + +     Spirit   .   v - +0 ring mail
rPois    ∞         Reflect  +   (no helmet)
rElec    .         Harm     .   (no cloak)
rCorr    .         Rampage  .   (no gloves)
Will     +....                  l - +0 pair of boots
Stlth    ++........             r - amulet of reflection
HPRegen  0.18/turn              j - ring of fire
MPRegen  0.10/turn              g - ring of protection from fire

@: no status effects
A: cold resistance 1, negative energy resistance 3, torment resistance 2, heat
vulnerability 1, no potions
a: no special abilities


You were on level 5 of the Dungeon.
You visited 1 branch of the dungeon, and saw 6 of its levels.

You collected 160 gold pieces.

Inventory:

Hand Weapons
 b - the +8 dagger of Inconvenience (weapon) {drain, Will+ Int+5}
   (You found it on level 4 of the Dungeon)

   A truly terrible weapon, it drains the life of those it strikes.
   It affects your intelligence (+5).
   It increases your willpower.
 n - a +1 vampiric whip
 o - a +1 vampiric hand axe
Missiles
 m - 2 throwing nets (quivered)
Armour
 l - a +0 pair of boots (worn)
 v - a +0 ring mail (worn)
Jewellery
 g - a ring of protection from fire (right hand)
 j - a ring of fire (left hand)
 r - an amulet of reflection (around neck)
 u - a ring of magical power
Wands
 f - a wand of digging (3)
Scrolls
 a - a scroll of teleportation {unknown}
 c - a scroll of fog
 d - a scroll of magic mapping
 e - a scroll of fear
 h - a scroll of silence {unknown}
 i - 4 scrolls of identify {unknown}
 k - 3 scrolls of holy word {unknown}
 p - a scroll of enchant armour {unknown}
 q - a scroll of summoning {unknown}
 t - a scroll of enchant weapon {unknown}


   Skills:
 + Level 5.2 Fighting
 * Level 3.2 Short Blades
 - Level 4.0 Maces & Flails
 + Level 2.7 Dodging
 + Level 4.9 Stealth


You had 6 spell levels left.
You didn't know any spells.
Your spell library contained the following spells:

 Spells                   Type           Power      Damage    Failure   Level
 Magic Dart               Conj           0%         1d3       47%         1
 Searing Ray              Conj           0%         3d3       63%         2
 Dazzling Flash           Conj/Hex       0%         N/A       85%         3
 Fulminant Prism          Conj/Hex       0%         3d6       99%         4
 Iskenderun's Mystic Bla  Conj/Tloc      0%         2d3       99%         4


Dungeon Overview and Level Annotations

Branches:
Dungeon (6/15)
 Temple: D:4-7

Altars:
Fedhas
Qazlal

Shops:
D:5 [

Annotations:
D:5 Duvessa


Innate Abilities, Weirdness & Mutations

You are immune to poison.
Your flesh is cold resistant. (rC+)
You are immune to negative energy. (rN+++)
You are immune to unholy pain and torment.
You are vulnerable to heat. (rF-)
You do not drink.


Message History

Duvessa is moderately wounded.
Duvessa barely misses you.
You hit Duvessa but do no damage.
Duvessa is moderately wounded.
Duvessa closely misses you.
You barely miss Duvessa.
Duvessa is moderately wounded.
You block Duvessa's attack.
You hit Duvessa but do no damage.
Duvessa is moderately wounded.
You block Duvessa's attack. Duvessa hits you with a +0 rapier.
You hit Duvessa but do no damage. You drain Duvessa.
Duvessa is heavily wounded.
Duvessa hits you with a +0 rapier!
You closely miss Duvessa.
Duvessa is heavily wounded.
You block Duvessa's attack.
You closely miss Duvessa.
Duvessa is heavily wounded.
Duvessa hits you with a +0 rapier!
* * * LOW HITPOINT WARNING * * *
You hit Duvessa.
Duvessa is heavily wounded.
Duvessa hits you with a +0 rapier.
* * * LOW HITPOINT WARNING * * *
You hit Duvessa but do no damage. You drain Duvessa.
Duvessa is severely wounded.
Duvessa hits you with a +0 rapier.
* * * LOW HITPOINT WARNING * * *
You block Duvessa's attack.
As you read the scroll of fear, it crumbles to dust.
You assume a fearsome visage.
Duvessa hits you with a +0 rapier.
* * * LOW HITPOINT WARNING * * *
Okay, then.
You hit Duvessa.
Duvessa is severely wounded.
Duvessa hits you with a +0 rapier.
* * * LOW HITPOINT WARNING * * *
Duvessa hits you with a +0 rapier.
You die...

#....#
#..#)#.# #.
+∩+.# # ##+###
#..#######.#.#
#............#
#.###†####.###
##. #e# ######
###...##@#
......
.........# .#
###...#### ##
##. # #


You could see Duvessa (berserk, drained).

Vanquished Creatures
  Sigmund (D:4)
  Menkaure (D:4)
  A phantom (D:4)
  A scorpion (D:2)
  Dowan (D:5)
  A howler monkey (D:4)
  A hound (D:4)
  A gnoll shaman (D:4)
  2 iguanas
  8 gnolls
  2 adders
  A white imp (D:6)
  5 dart slugs
  An orc (D:3)
  4 bats
  10 endoplasms
  A giant cockroach (D:4)
  8 goblins
  9 hobgoblins
  7 jackals
  8 kobolds
  5 quokkas
  7 ball pythons
  2 frilled lizards (D:1)
  A rat (D:1)
89 creatures vanquished.

Notes
Turn   | Place    | Note
-------+----------+-------------------------------------------
     0 | D:5      | chippings the Mummy Delver began the quest for the Orb.
     0 | D:5      | Reached XP level 1. HP: 18/18 MP: 1/1
     6 | D:5      | Noticed an iguana
    17 | D:5      | Noticed Dowan
    18 | D:5      | Noticed Duvessa
   374 | D:5      | Noticed a lemure
   400 | D:4      | Noticed a gnoll shaman
   436 | D:3      | Noticed an iguana
   445 | D:3      | Killed an iguana
   446 | D:3      | Reached XP level 2. HP: 24/24 MP: 2/2
   446 | D:3      | Reached XP level 3. HP: 29/29 MP: 3/3
  1358 | D:1      | Reached XP level 4. HP: 23/37 MP: 4/4
  2057 | D:2      | Noticed a scorpion
  2084 | D:2      | Killed a scorpion
  2085 | D:2      | Reached skill level 4 in Fighting
  2085 | D:2      | Reached XP level 5. HP: 8/42 MP: 5/5
  2656 | D:2      | Found a faded altar of an unknown god.
  3686 | D:4      | Found a stormy altar of Qazlal.
  3694 | D:4      | Identified the +8 dagger of Inconvenience {drain, Will+
                  | Int+5}
  3995 | D:4      | Reached XP level 6. HP: 28/49 MP: 6/6
  4091 | D:4      | Noticed Menkaure
  4193 | D:4      | Reached skill level 1 in Short Blades
  4440 | D:4      | Found a blossoming altar of Fedhas.
  4479 | D:4      | Killed Menkaure
  4732 | D:4      | Noticed Sigmund
  4741 | D:4      | Reached XP level 7. HP: 48/55 MP: 7/7
  4822 | D:4      | Reached skill level 5 in Fighting
  5007 | D:4      | Killed Sigmund
  5306 | D:5      | Found Osisch's Armour Shop.
  5316 | D:5      | Killed Dowan
  5383 | D:5      | HP: 2/56 [Duvessa/+0 rapier (5)]
  5383 | D:5      | Slain by Duvessa

Illustrated notes

Levels and vault maps discovered:
D:1:      lemuel_arrival_room, layout_loops_corners
D:2:      layout_loops_corners, basic_ecumenical_altar,
          kennysheep_generic_room_8
D:3:      layout_basic, minmay_pentangle
D:4:      layout_loops_ring, old_standard_altar, fedhas_altar_2, uniq_sigmund,
          uniq_menkaure
D:5:      layout_loops_ring, serial_shops, nicolae_shop_waterfront, shop, shop,
          nicolae_shop_crystal, nicolae_shop_behind_doors, uniq_duvessa,
          uniq_pikel
D:6:      layout_basic, uniq_edmund, uniq_maggie

Skill      XL: |  1  2  3  4  5  6  7 |
---------------+----------------------+-----
Maces & Flails | 2 3 4 |  4.0
Fighting       | 4 5 |  5.2
Short Blades   | 2 3 |  3.2
Dodging        | 2 |  2.7
Stealth        | |  4.9

Action                   |  1- 3 |  4- 6 |  7- 9 || total
-------------------------+-------+-------+-------++-------
Melee: Mace              |    83 |     1 |       ||    84
       Whip              |       |   159 |       ||   159
       Dagger            |       |    60 |    38 ||    98
  Use: Scroll            |     2 |       |     1 ||     3
 Stab: Sleeping          |     5 |     3 |     1 ||     9
       Distracted        |       |     1 |       ||     1
Armor: Leather armour    |    32 |    15 |       ||    47
       Plate armour      |       |    53 |       ||    53
       Ring mail         |       |     7 |     6 ||    13
Dodge: Dodged            |    34 |    61 |     9 ||   104
Block: Other             |       |    30 |     9 ||    39
       Reflection        |       |     1 |       ||     1

Table legend: (Time is in decaauts)
 A = Elapsed time spent in this place.
 B = Non-inter-level travel time spent in this place.
 C = Inter-level travel time spent in this place.
 D = Time resting spent in this place.
 E = Time spent auto-exploring this place.
 F = Levels seen in this place.
 G = Mean time per level.
                   A        B        C        D        E       F      G
               +--------+--------+--------+--------+--------+-----+--------+
         Total |   5387 |   5268 |    119 |    401 |   3505 |   6 |  897.8 |
       Dungeon |   5387 |   5268 |    119 |    401 |   3505 |   6 |  897.8 |
               +--------+--------+--------+--------+--------+-----+--------+

Top non-repeatable levels by time:
     D:4: 1643 daAuts
     D:1: 1181 daAuts
     D:2: 1120 daAuts
     D:3: 956 daAuts
     D:6: 343 daAuts
     D:5: 142 daAuts
